 Dungeon Crawl Stone Soup version 0.15-a0-1854-g6489380 (webtiles) character file.

4247 Valtus the Covert (level 10, -5/67 HPs)
             Began as a Vampire Assassin on July 3, 2014.
             Was a Priest of Dithmenos.
             Killed from afar by a manticore (7 damage)
             ... with a volley of spikes
             ... on Level 10 of the Dungeon.
             The game lasted 01:29:30 (9814 turns).

Valtus the Covert (Vampire Assassin)                Turns: 9814, Time: 01:29:33

HP  -5/67        AC 10     Str 14      XL: 10   Next:  9%
MP  10/10        EV 12     Int 13      God: Dithmenos [***...]
Gold 372         SH  0     Dex 18      Spells:  0 memorised,  9 levels left

rFire  . . .     SeeInvis +     s - +7 short sword (elec)
rCold  . . .     Clarity  .     c - +0 robe
rNeg   + . .     rCorr    .     (no shield)
rPois  .         rRot     .     x - +2 helmet
rElec  .         Spirit   .     G - +2 cloak {+Inv}
SustAb .         Warding  .     j - +0 pair of gloves
rMut   .         Stasis   .     E - +0 pair of boots
Gourm  .                        (no amulet)
MR     +....                    J - ring of ice
                                l - ring of Kikubaaqudgha's Fury {Fire Str+4}

@: manticore barbs, wreathed by umbra, somewhat resistant to hostile
enchantments, extremely stealthy
A: bottle blood, fangs 3, see invisible, unbreathing
a: Bat Form, Bottle Blood, Shadow Step, Renounce Religion, Evoke Invisibility


You were on level 10 of the Dungeon.
You worshipped Dithmenos.
Dithmenos was most pleased with you.
You were not thirsty.

You visited 2 branches of the dungeon, and saw 11 of its levels.
You also visited: Sewer.

You collected 372 gold pieces.

Inventory:

Hand weapons
 b - a +0 blowgun
 s - a +7 short sword of electrocution (weapon)
Missiles
 e - 36 poisoned needles
 f - 2 curare-tipped needles
 u - a stone (quivered)
 w - 4 needles of slowing
Armour
 c - a +0 robe (worn)
 j - a +0 pair of gloves (worn)
 x - a +2 helmet (worn)
 E - a +0 pair of boots (worn)
 G - a +2 cloak of darkness (worn)
Scrolls
 d - a scroll of fear
 g - a scroll of recharging
 i - 2 scrolls of identify
 o - a scroll of remove curse
 t - a scroll of random uselessness
 y - 4 scrolls of teleportation
 B - a scroll of magic mapping
 F - a scroll of amnesia
Jewellery
 k - a +2 ring of intelligence
 l - the ring of Kikubaaqudgha's Fury (left hand) {Fire Str+4}
   (You acquired it on level 7 of the Dungeon)

   [ring of fire]

   It enhances your fire magic, and weakens your ice magic.
   It affects your strength (+4).
   It protects you from fire.
   It makes you vulnerable to cold.
 C - an uncursed ring of flight
 J - a ring of ice (right hand)
Potions
 a - a potion of magic {unknown}
 m - 2 potions of restore abilities {unknown}
 n - a potion of brilliance {unknown}
 p - a potion of cure mutation {unknown}
 q - a potion of lignification {unknown}
 r - 2 potions of curing {unknown}
 v - 6 potions of heal wounds
 z - 3 potions of might {unknown}
 A - 2 potions of haste {unknown}
 D - 3 potions of poison {unknown}
 H - a potion of porridge
 I - a potion of experience {unknown}
 K - a potion of berserk rage {unknown}
Books
 h - a book of Burglary

   Spells                             Type                      Level
   Swiftness                          Charms/Air                   2
   Passwall                           Transmutation/Earth          3
   Passage of Golubria                Translocation                4
   Lee's Rapid Deconstruction         Earth                        5
   Invisibility                       Hexes                        6
   Darkness                           Hexes                        7


   Skills:
 - Level 1.7 Fighting
 * Level 12.6 Short Blades
 - Level 1.5 Throwing
 - Level 1.1 Dodging
 + Level 14.1 Stealth


You had 9 spell levels left.
You didn't know any spells.

Dungeon Overview and Level Annotations

Branches:
Dungeon (11/15)            Temple (1/1) D:4             Orc (0/4) D:11
   Lair: D:8-11

Altars:
Ashenzari
Dithmenos
Gozag
Kikubaaqudgha
Makhleb
Trog
Xom
The Shining One

Shops:
D:4 }

Annotations:
D:10 Joseph


Innate Abilities, Weirdness & Mutations

You can bottle blood from corpses.
You have razor-sharp teeth.*
You have supernaturally acute eyesight.
You can survive without breathing.*


Message History

The manticore bites you! The manticore claws you!
The manticore claws you but does no damage.
Joseph hits you with a quarterstaff!
Joseph unwields an uncursed quarterstaff.
Joseph wields a sling.
Joseph shoots a sling bullet.
The sling bullet hits you.
The manticore flicks its tail!
The volley of spikes skewers you!
The barbed spikes become lodged in your body.
Found a scroll of identify.
You see here a sling bullet.
The barbed spikes dig painfully into your body as you move.
* * * LOW HITPOINT WARNING * * *
The barbed spikes dig painfully into your body as you move.
* * * LOW HITPOINT WARNING * * *
The barbed spikes dig painfully into your body as you move.
* * * LOW HITPOINT WARNING * * *
Joseph shoots a sling bullet.
The sling bullet hits you!
* * * LOW HITPOINT WARNING * * *
The manticore flicks its tail!
The volley of spikes skewers you!
The barbed spikes become lodged in your body.
You die...

.# ######.##
#........#
#....?...#
........ ..
..... #. #.?# #.
#@# #.###.#
#...S.# .
##...@H## ##...
#.......##....#
#......>...#
#........###
............?...
..##.......#####


You could see Joseph, a manticore and an adder.

Vanquished Creatures
  A hill giant (D:7)
  2 two-headed ogres
  6 yaks (D:11)
  A hippogriff (D:6)
  An ice beast (D:11)
  2 orc warriors
  A phantom (D:6)
  An ogre (D:6)
  3 centaurs
  2 big kobolds
  3 giant frogs
  3 jellies
  4 wights (D:11)
  A scorpion (D:7)
  A centaur zombie (D:5)
  A goliath beetle (D:7)
  A crimson imp (D:7)
  An iguana (D:8)
  Crazy Yiuf (D:6)
  5 hounds
  5 worker ants
  7 orc wizards
  A sheep (D:8)
  Ijyb (D:4)
  A big kobold zombie (D:7)
  A worker ant zombie (D:5)
  14 adders
  6 gnolls
  A gnoll zombie (D:6)
  2 giant mites
  2 green rats (Sewer)
  2 shadow imps
  2 worms
  An adder zombie (D:6)
  7 giant geckos
  An ooze (D:4)
  17 orcs
  10 giant cockroaches
  16 hobgoblins
  4 jackals (D:6)
  20 kobolds
  5 quokkas
  6 ball pythons
  10 bats
  A giant gecko skeleton (D:5)
  7 giant newts (Sewer)
  17 goblins
  A hobgoblin skeleton (D:7)
  A jackal skeleton (D:4)
  A kobold skeleton (D:7)
  A kobold zombie (D:6)
  14 rats
226 creatures vanquished.

Notes
Turn   | Place    | Note
--------------------------------------------------------------
     0 | D:1      | Valtus, the Vampire Assassin, began the quest for the Orb.
     0 | D:1      | Reached XP level 1. HP: 16/16 MP: 1/1
   125 | D:1      | Reached skill level 6 in Stealth
   428 | D:1      | Reached XP level 2. HP: 17/22 MP: 2/2
  1295 | D:2      | Reached skill level 7 in Stealth
  1295 | D:2      | Reached XP level 3. HP: 20/27 MP: 3/3
  2063 | D:3      | Reached XP level 4. HP: 30/33 MP: 4/4
  2466 | D:3      | Reached skill level 8 in Stealth
  2683 | D:3      | Reached XP level 5. HP: 38/38 MP: 5/5
  3101 | D:4      | Found a staircase to the Ecumenical Temple.
  3109 | Temple   | Entered the Ecumenical Temple
  3239 | Temple   | Became a worshipper of Dithmenos the Shadowed
  3330 | D:4      | Found a glowing drain.
  3363 | Sewer    | Entered a sewer
  3445 | Sewer    | Reached skill level 5 in Short Blades
  3807 | D:4      | Found Haptium's Gadget Shoppe.
  3809 | D:4      | Noticed Ijyb
  3820 | D:4      | Killed Ijyb
  3920 | D:4      | Reached XP level 6. HP: 23/44 MP: 6/6
  4561 | D:4      | Reached skill level 9 in Stealth
  4650 | D:5      | Entered Level 5 of the Dungeon
  5387 | D:6      | Reached XP level 7. HP: 21/49 MP: 7/7
  5662 | D:6      | Noticed a hippogriff
  5678 | D:6      | Killed a hippogriff
  5700 | D:6      | Acquired Dithmenos' first power
  5763 | D:6      | Reached skill level 10 in Stealth
  5781 | D:6      | Noticed a two-headed ogre
  6256 | D:6      | Killed a two-headed ogre
  6256 | D:6      | Reached XP level 8. HP: 31/55 MP: 8/8
  6579 | D:6      | Reached skill level 11 in Stealth
  6792 | D:6      | Noticed Crazy Yiuf
  6800 | D:6      | Killed Crazy Yiuf
  7112 | D:7      | Identified a scroll of acquirement
  7113 | D:7      | Got a faintly glowing bronze ring
  7121 | D:7      | Identified the ring of Kikubaaqudgha's Fury {Fire Str+4} (You acquired it on level 7 of the Dungeon)
  7637 | D:7      | Reached skill level 10 in Short Blades
  7653 | D:7      | Reached skill level 12 in Stealth
  7683 | D:7      | Noticed a hill giant
  7715 | D:7      | Acquired Dithmenos' second power
  8081 | D:7      | Killed a hill giant
  8081 | D:7      | Reached XP level 9. HP: 31/61 MP: 9/9
  9188 | D:8      | Reached skill level 13 in Stealth
  9206 | D:8      | Found a bloodstained altar of Trog.
  9398 | D:8      | You fall through a shaft!
  9530 | D:11     | Found a staircase to the Orcish Mines.
  9595 | D:11     | Reached XP level 10. HP: 47/67 MP: 10/10
  9597 | D:11     | Reached skill level 14 in Stealth
  9796 | D:11     | Noticed a hill giant
  9804 | D:10     | Entered Level 10 of the Dungeon
  9804 | D:10     | Noticed Joseph
  9804 | D:10     | Noticed a manticore
  9814 | D:10     | HP: 2/67 [Joseph/ sling bullet (7)]
  9814 | D:10     | Killed from afar by a manticore

Action                   |  1- 3 |  4- 6 |  7- 9 | 10-12 || total
-------------------------+-------+-------+-------+-------++-------
Melee: Dagger            |    80 |       |       |       ||    80
       Short sword       |    28 |   223 |   271 |     6 ||   528
       Unarmed           |       |     8 |       |       ||     8
 Fire: Blowgun           |     1 |       |     5 |       ||     6
 Abil: End Transformatio |       |     1 |       |       ||     1
       Bat Form          |       |     1 |       |       ||     1
  Use: Potion            |     1 |       |     2 |       ||     3
       Scroll            |     6 |     6 |    11 |       ||    23
 Stab: Sleeping          |     9 |    20 |    11 |       ||    40
       Distracted        |       |       |     3 |       ||     3
